 Dungeon Crawl Stone Soup version 0.29-a0-887-gcbe080d7e0 (webtiles) character file.

Game seed: 10928796259820014144

17628 spiderkeys the Destroyer (level 12, 0/66 HPs)
             Began as an Octopode Conjurer on July 20, 2022.
             Was an Initiate of Gozag.
             Killed from afar by a catoblepas (2 damage)
             ... with a blast of calcifying dust
             ... while petrified by a catoblepas
             ... on level 1 of the Lair of Beasts on July 21, 2022.
             The game lasted 00:56:49 (16920 turns).

spiderkeys the Destroyer (Octopode Conjurer)       Turns: 16920, Time: 00:56:50

Health: 0/66       AC:  9    Str: 13    XL:     12   Next: 50%
Magic:  15/26      EV:  2    Int: 25    God:    Gozag
Gold:   1189       SH:  0    Dex: 16    Spells: 18/31 levels left

rFire   . . .      SeeInvis +   a - +8 long sword "Bimal" {flame, rN+}
rCold   + . .      Faith    .   y - +0 buckler
rNeg    + + +      Spirit   .   (helmet restricted) rPois โˆž Reflect .
                                s - amulet of magic regeneration
rElec   .          Harm     .   O - +4 ring of protection
rCorr   +          Rampage  .   C - ring of protection from cold
Will    .....                   R - ring of resist corrosion
Stlth   +++.......              D - +6 ring of dexterity
HPRegen 0.21/turn               S - +6 ring of strength
MPRegen 0.60/turn               v - ring of see invisible
                                o - +4 ring of protection
                                Z - ring of wizardry

@: petrified, gold aura
A: almost no armour, amphibious, 8 rings, camouflage 1, gelatinous body 1,
(nimble swimmer 1), tentacles
a: Renounce Religion, Potion Petition, Call Merchant, Bribe Branch


You were on level 1 of the Lair of Beasts.
You worshipped Gozag.
Gozag was most pleased with you.
You visited 3 branches of the dungeon, and saw 14 of its levels.
You also visited: Ossuary and Gauntlet.

You collected 1673 gold pieces.
You spent 365 gold pieces at shops.
You paid 119 gold pieces to Gozag.


Innate Abilities, Weirdness & Mutations

You cannot wear most types of armour.
You are amphibious.
You can wear up to eight rings at the same time.
Your skin changes colour to match your surroundings (Stealth+).
Your rubbery body absorbs attacks. (AC +1, EV +1)
((You are camouflaged when in or above water. (Stealth+)))
You have tentacles for arms and can constrict up to eight enemies at once.


   Skills:
 - Level 2.0 Dodging
 - Level 2.6 Stealth
 - Level 10.0 Spellcasting
 - Level 12.0 Conjurations
 + Level 9.4 Hexes
 + Level 9.4 Translocations


You had 18 spell levels left.
You knew the following spells:

 Your Spells              Type           Power      Damage    Failure   Level
f - Fulminant Prism       Conj/Hex       30%        3d16      1%          4
i - Iskenderun's Mystic   Conj/Tloc      60%        2d13      1%          4
m - Magic Dart            Conj           100%       1d8       1%          1
p - Poisonous Vapours     Pois/Air       24%        N/A       4%          2
s - Searing Ray           Conj           100%       2d8       1%          2

Your spell library contained the following spells:

 Spells                   Type           Power      Damage    Failure   Level
 Foxfire                  Conj/Fire      100%       2x1d9     1%          1
 Shock                    Conj/Air       100%       1d9       1%          1
 Slow                     Hex            100%       N/A       1%          1
 Confusing Touch          Hex            56%        N/A       1%          3
 Conjure Flame            Conj/Fire      42%        6-21      1%          3
 Dazzling Flash           Conj/Hex       100%       N/A       1%          3
 Inner Flame              Hex/Fire       36%        N/A       1%          3
 Flame Wave               Conj/Fire      42%        2d9       2%          4
 Lightning Bolt           Conj/Air       21%        1d36      6%          5
 Ozocubu's Armour         Ice            12%        N/A       9%          3
 Swiftness                Air            12%        N/A       9%          3
 Vampiric Draining        Necr           12%        2d6       9%          3
 Airstrike                Air            6%         0-3+      26%         4
 Summon Lightning Spire   Summ/Air       12%        N/A       26%         4
 Ozocubu's Refrigeration  Ice            6%         4d6       100%        7
 Corpse Rot               Necr/Pois/Air  Unusable   N/A       N/A         4

Inventory:

Hand Weapons
 a - the +8 long sword "Bimal" (weapon) {flame, rN+}
   (You found it on level 5 of the Dungeon)

   It burns those it strikes, dealing additional fire damage.
   Big, fiery blades are also staple armaments of hydra-hunters.
   rN:        It protects you from negative energy.
 b - the +8 mace of Ointment {flame, *Rage Str+3}
   (You found it on level 2 of the Dungeon)

   It burns those it strikes, dealing additional fire damage.
   Str:       It affects your strength (+3).
   *Rage:     It berserks you when you make melee attacks (+20% chance).
 V - the +6 scimitar of Ahiqoh {freeze, Dex+5}
   (You found it on level 11 of the Dungeon)

   It freezes those it strikes, dealing additional cold damage.
   It can also slow down cold-blooded creatures.
   Dex:       It affects your dexterity (+5).
Missiles
 c - 7 curare-tipped darts {=f}
 h - 142 stones
 k - a throwing net {=f!f}
 t - 8 javelins
 u - 10 boomerangs
 w - 27 poisoned darts
 H - a silver boomerang
 U - 5 silver javelins
Armour
 y - a +0 buckler (worn)
   (You found it on level 3 of the Dungeon)
Jewellery
 o - a +4 ring of protection (on tentacle)
   (You found it on level 10 of the Dungeon)
 s - an amulet of magic regeneration (around mantle)
   (You found it on level 2 of the Dungeon)
 v - a ring of see invisible (on tentacle)
   (You bought it in a shop on level 6 of the Dungeon)
 C - a ring of protection from cold (right tentacle)
   (You found it on level 2 of the Dungeon)
 D - a +6 ring of dexterity (on tentacle)
   (You found it on level 4 of the Dungeon)
 N - a ring of positive energy
   (You found it on level 3 of the Dungeon)
 O - a +4 ring of protection (left tentacle)
   (You found it on level 1 of the Dungeon)
 Q - an amulet of reflection
   (You found it on level 8 of the Dungeon)
 R - a ring of resist corrosion (on tentacle)
   (You found it on level 11 of the Dungeon)
 S - a +6 ring of strength (on tentacle)
   (You found it on level 5 of the Dungeon)
 Z - a ring of wizardry (on tentacle)
   (You took it off an orc wizard on level 9 of the Dungeon)
Wands
 i - a wand of paralysis (14)
   (You found it on level 6 of the Dungeon)
 j - a wand of polymorph (4)
   (You found it on level 10 of the Dungeon)
 P - a wand of acid (10)
   (You found it on level 8 of the Dungeon)
 T - a wand of iceblast (3)
   (You found it in a Gauntlet)
 Y - a wand of flame (10)
   (You found it on level 12 of the Dungeon)
Scrolls
 d - a scroll of enchant armour
 f - 3 scrolls of vulnerability {!r!r}
 g - 10 scrolls of teleportation {@r4}
 l - 2 scrolls of blinking {!r}
 q - 2 scrolls of summoning
 r - 5 scrolls of immolation {!r!r}
 A - 3 scrolls of fear
 F - 3 scrolls of butterflies
 G - a scroll of torment {!r}
 K - a scroll of magic mapping {!r}
 L - a scroll of enchant weapon
Potions
 e - a potion of invisibility
 m - 7 potions of curing {@q1}
 n - 8 potions of flight
 p - 4 potions of heal wounds {@q2}
 x - 5 potions of might
 z - a potion of cancellation
 B - a potion of attraction {!q}
 E - a potion of ambrosia
 I - a potion of lignification {!q}
 J - a potion of magic
 M - 2 potions of berserk rage {!q}
 W - a potion of mutation {!q}
 X - 2 potions of haste {@q3}

Dungeon Overview and Level Annotations

Branches:
Dungeon (12/15) Zot: 25191  Temple (1/1) D:6 Zot: 5883    Lair (1/5) D:9 Zot: 5975
    Orc (0/2) D:10        Ossuary (visited)         Gauntlet (visited)

Altars:
Ashenzari
Cheibriados
Dithmenos
Elyvilon
Fedhas
Gozag
Hepliaklqana
Kikubaaqudgha
Makhleb
Nemelex Xobeh
Okawaru
Qazlal
Ru
Sif Muna
Trog
Uskayaw
Vehumet
Wu Jian
Xom
Yredelemnul
Zin
The Shining One

Shops:
D:3 [   D:6 =   D:11 !=(

Annotations:
D:6 1 runed translucent door, Crazy Yiuf, Menkaure

. .# ... ..F.
.....
###...P..
#@.$.....
#Y...P.#+
...$.....
..ยง..P....
....P...F..
...P$.......
#..P#.##.#...
.)..... ..#..


You could see a catoblepas and 2 blink frogs.


Message History

You take 20 damage, and now have 46/66 hp.
MASSIVE DAMAGE!! (PAUSE)
Casting: Fulminant Prism (safe; 1% risk of failure)
Confirm with . or Enter, or press ? or * to list all spells.
You erupt in a blast of force!
The mystic blast hits the black bear!!
The black bear is knocked back by the mystic blast.
The mystic blast hits the water moccasin!
The water moccasin is knocked back by the mystic blast.
The water moccasin collides with the bush!
The mystic blast hits the catoblepas but does no damage.
The catoblepas gores you but does no damage. ๐Ÿ˜ฎ HP[+1] MP[-4]
You lost 4 mp, and now have 22/26 mp.
Casting: Iskenderun's Mystic Blast (safe; 1% risk of failure)
Confirm with . or Enter, or press ? or * to list all spells.
You erupt in a blast of force!
The mystic blast hits the water moccasin!!
You kill the water moccasin!
The mystic blast hits the blink frog!
The blink frog is knocked back by the mystic blast.
The mystic blast hits the catoblepas!
The catoblepas is knocked back by the mystic blast. ๐Ÿ˜ฎ MP[-3]
You lost 3 mp, and now have 19/26 mp.
Casting: Iskenderun's Mystic Blast (safe; 1% risk of failure)
Confirm with . or Enter, or press ? or * to list all spells.
Aiming: Fulminant Prism (safe; 1% risk of failure)
Press: ? - help, Dir - move target You conjure a prism of explosive energy!
A fulminant prism comes into view.
The blink frog blinks!
The blink frog is distracted by your dazzling golden aura.
The black bear goes berserk! ๐Ÿ˜ฎ MP[-3]
You lost 3 mp, and now have 16/26 mp.
Casting: Fulminant Prism (safe; 1% risk of failure)
Confirm with . or Enter, or press ? or * to list all spells.
Aiming: Searing Ray (safe; 1% risk of failure)
Press: ? - help, Shift-Dir - straight line, f - catoblepas
Aim: a catoblepas (lightly wounded, ally target, 100% to hit)
The searing ray hits the catoblepas! (Press . to maintain the ray.)
The blink frog gives a loud, deep croak!
The blink frog is no longer distracted by gold.
The blink frog blinks!
The catoblepas breathes a plume of calcifying dust at you.
The blast of calcifying dust hits you.
The black bear is distracted by your dazzling golden aura.
Your fulminant prism crackles loudly. ๐Ÿ˜ฎ HP[-4] MP[-2]
You take 4 damage, and now have 43/66 hp.
You lost 2 mp, and now have 14/26 mp.
Casting: Searing Ray (safe; 1% risk of failure)
Confirm with . or Enter, or press ? or * to list all spells.
Okay, then.
Casting: Searing Ray (safe; 1% risk of failure)
Confirm with . or Enter, or press ? or * to list all spells.
You erupt in a blast of force!
The mystic blast hits the black bear!
You kill the black bear!
The mystic blast hits the catoblepas.
The catoblepas is knocked back by the mystic blast.
The mystic blast hits the blink frog.
The blink frog is knocked back by the mystic blast.
You are engulfed in calcifying dust.
You are slowing down.
The blast of energy engulfs the bush!!
The blast of energy engulfs the bush!
The blast of energy engulfs the catoblepas!!
The blast of energy engulfs the bush.
You hear a bellow! ๐Ÿ˜ฎ MP[-3]
You lost 3 mp, and now have 11/26 mp.
You are engulfed in calcifying dust.
Your limbs have turned to stone.
The catoblepas breathes a plume of calcifying dust at you.
The blast of calcifying dust hits you.
The blink frog blinks!
You have turned to stone.
You stop ascending the stairs.
You are engulfed in calcifying dust.
The blink frog hits you!
The blink frog blinks!
The blink frog hits you but does no damage.
You are engulfed in calcifying dust.
The blink frog hits you!
* * * LOW HITPOINT WARNING * * *
The blink frog blinks!
You are engulfed in calcifying dust.
The catoblepas gores you!!
* * * LOW HITPOINT WARNING * * *
The blink frog blinks!
The blink frog is distracted by your dazzling golden aura.
The catoblepas breathes a plume of calcifying dust at you.
The blast of calcifying dust hits you!
* * * LOW HITPOINT WARNING * * *
You are engulfed in calcifying dust.
The catoblepas gores you!!
* * * LOW HITPOINT WARNING * * *
You are engulfed in calcifying dust.
The catoblepas breathes a plume of calcifying dust at you.
The blast of calcifying dust hits you.
You die...
Your body crumbles into a pile of gold.

Skill      XL: |  1  2  3  4  5  6  7  8  9 10 11 12 |
---------------+-------------------------------------+-----
Spellcasting   | 3 4 5 7 8 9 10 | 10.0
Conjurations   | 5 6 8 10 12 | 12.0
Hexes          | 2 5 6 8 9 |  9.4
Translocations | 1 3 6 8 9 |  9.4
Dodging        | |  2.0
Stealth        | |  2.6

Action                   |  1- 3 |  4- 6 |  7- 9 | 10-12 || total
-------------------------+-------+-------+-------+-------++-------
Melee: Unarmed           |    12 |       |       |       ||    12
       Constrict         |     4 |     1 |     3 |     4 ||    12
       Tentacles         |     2 |       |     3 |     3 ||     8
       Mace              |       |     4 |     4 |       ||     8
       Long sword        |       |       |    15 |    17 ||    32
       Punch             |       |       |       |     1 ||     1
 Cast: Magic Dart        |    50 |   106 |   130 |   112 ||   398
       Searing Ray       |     8 |    15 |    49 |    42 ||   114
       Fulminant Prism   |       |       |     2 |   111 ||   113
       Iskenderun's Myst |       |       |     2 |    86 ||    88
       Poisonous Vapours |       |       |       |     4 ||     4
Evoke: Wand              |       |       |     1 |     5 ||     6
  Use: Scroll            |       |       |    13 |     9 ||    22
       Potion            |       |       |     6 |     8 ||    14
 Stab: Paralysed         |       |       |     1 |       ||     1
       Sleeping          |       |       |     1 |       ||     1
       Distracted        |       |       |       |     1 ||     1
Armor: Skin              |     3 |     3 |    29 |    26 ||    61
Dodge: Dodged            |    18 |     9 |    55 |    39 ||   121
Block: Buckler           |       |       |    15 |    12 ||    27

Levels and vault maps discovered:
D:1:      arrival_zaba_pyramid, layout_rooms
D:2:      layout_basic, chequers_ecumenical_altar_simple_redux,
          kennysheep_flooded_box, minmay_tripent, uniq_terence
D:3:      minmay_thinvault, layout_loops_cross, serial_shops, shop_statue
D:4:      layout_basic, old_standard_altar, lemuel_crystal_altar,
          nicolae_ossuary_entry_monument
D:5:      layout_loops_cross, serial_aquarium, aquarium_bridge_square
          [aquarium_subvault_bridge, aquarium_subvault_balcony,
          aquarium_subvault_wall, aquarium_subvault_window],
          aquarium_bridge_long_separate [aquarium_subvault_bridge,
          aquarium_subvault_wall, aquarium_subvault_balcony,
          aquarium_subvault_window, aquarium_subvault_bridge,
          aquarium_subvault_bridge], aquarium_window_2,
          aquarium_window_corridor_3, aquarium_view_2c, aquarium_view_2a,
          aquarium_balcony_3b
D:6:      cheibrodos_fzero, layout_layer_cave,
          chequers_temple_overflow_statue_of_worship, lemuel_round_altar,
          mainiacjoe_overflow_24_doors, minmay_temple_entry_trees, serial_shops,
          shop, uniq_crazy_yiuf_cottage, uniq_menkaure
D:7:      layout_basic, uniq_prince_ribbit1
D:8:      layout_cave_pods, gammafunk_temple_overflow_elements
D:9:      layout_roguey, david_lair_shrubbed, uniq_pikel
D:10:     layout_basic, mainiacjoe_overflow_concentric_impassable, orc_0_dummy,
          special_room [special_room_orc], glass_columns_c
D:11:     layout_loops_cross, serial_shops, nicolae_shop_bloodbath_and_beyond,
          shop, shop, trog_ov_bears_minmay
D:12:     layout_gridville, gauntlet_entry_generic
Temple:   nicolae_temple_godzebo
Lair:1:   layout_chaotic_city, minivault_25, evilmike_ambush
          [evilmike_ambush_outer_basic, evilmike_ambush_inner_cross],
          grunt_megastairs_5

Notes
Turn   | Place    | Note
-------+----------+-------------------------------------------
     0 | D:1      | spiderkeys the Octopode Conjurer began the quest for the
                  | Orb.
     0 | D:1      | Reached XP level 1. HP: 11/11 MP: 3/3
     0 | D:1      | magus.rc [v1.11.3]
    83 | D:1      | You pick up a book of Debilitation and begin reading...
    83 | D:1      | You add the spells Slow, Vampiric Draining and Confusing
                  | Touch to your library.
   195 | D:1      | Reached XP level 2. HP: 17/17 MP: 3/5
   226 | D:1      | Learned a level 2 spell: Searing Ray
   711 | D:1      | Reached XP level 3. HP: 21/21 MP: 4/6
  1176 | D:1      | Upgraded the game from 0.29-a0-878-g7b45a56547 to
                  | 0.29-a0-887-gcbe080d7e0
  1176 | D:1      | magus.rc [v1.11.3]
  1320 | D:2      | Reached skill level 3 in Spellcasting
  1391 | D:2      | Found a faded altar of an unknown god.
  1412 | D:2      | Noticed Terence
  1466 | D:2      | Killed Terence
  1467 | D:2      | Reached XP level 4. HP: 12/27 MP: 0/8
  1675 | D:2      | Reached skill level 5 in Conjurations
  2032 | D:2      | Noticed a scorpion
  2040 | D:2      | Learned a level 4 spell: Fulminant Prism
  2051 | D:2      | Killed a scorpion
  2052 | D:2      | Reached XP level 5. HP: 31/31 MP: 0/10
  2185 | D:2      | Identified the +8 mace of Ointment {flame, *Rage Str+3}
  2579 | D:2      | Reached skill level 4 in Spellcasting
  2863 | D:3      | Reached XP level 6. HP: 36/36 MP: 8/12
  2936 | D:3      | Found Wuva's Armour Shop.
  3463 | D:3      | You pick up a book of Air and begin reading...
  3463 | D:3      | You add the spells Shock, Swiftness and Airstrike to your
                  | library.
  3648 | D:4      | Reached skill level 6 in Conjurations
  3736 | D:4      | Found a sand-covered staircase.
  3765 | Ossuary  | Entered an ossuary
  3896 | Ossuary  | Reached XP level 7. HP: 31/41 MP: 9/14
  4126 | Ossuary  | Reached skill level 5 in Spellcasting
  4754 | D:4      | Found a hazy altar of Hepliaklqana.
  4808 | D:4      | Reached skill level 7 in Conjurations
  4877 | D:4      | Found a shimmering blue altar of Sif Muna.
  5089 | D:5      | Entered Level 5 of the Dungeon
  5093 | D:5      | Reached skill level 1 in Hexes
  5230 | D:5      | Reached skill level 2 in Hexes
  5350 | D:5      | Reached skill level 8 in Conjurations
  5350 | D:5      | Reached XP level 8. HP: 46/46 MP: 12/15
  5541 | D:5      | Reached skill level 3 in Hexes
  5887 | D:5      | Identified the +8 long sword "Bimal" {flame, rN+}
  6013 | D:6      | Found a staircase to the Ecumenical Temple.
  6021 | Temple   | Entered the Ecumenical Temple
  6146 | D:6      | Reached skill level 4 in Hexes
  6315 | D:6      | Reached skill level 5 in Hexes
  6320 | D:6      | Learned a level 4 spell: Iskenderun's Mystic Blast
  6323 | D:6      | Noticed a shadow
  6400 | D:6      | Found Niug's Jewellery Shop.
  6409 | D:6      | Bought a ring of see invisible for 195 gold pieces
  6457 | D:6      | Reached skill level 1 in Translocations
  6574 | D:6      | Noticed a shadow
  6575 | D:6      | Reached XP level 9. HP: 32/51 MP: 14/17
  6577 | D:6      | Reached skill level 2 in Translocations
  6581 | D:6      | Reached skill level 6 in Spellcasting
  6583 | D:6      | Reached skill level 9 in Conjurations
  6751 | D:6      | Found a runed translucent door.
  6751 | D:6      | Noticed Menkaure
  6752 | D:6      | Noticed Crazy Yiuf
  6946 | D:6      | Found a glowing silver altar of Zin.
  7245 | D:6      | Found a snail-covered altar of Cheibriados.
  7352 | D:6      | Reached skill level 3 in Translocations
  7523 | D:6      | Found a sacrificial altar of Ru.
  7544 | D:6      | Found a sparkling altar of Nemelex Xobeh.
  7550 | D:6      | Found a blossoming altar of Fedhas.
  8583 | D:7      | Identified the +3 falchion "Itruvvi" {vamp, Str+7}
  8598 | D:7      | Reached skill level 7 in Spellcasting
  8602 | D:7      | Noticed Prince Ribbit
  8675 | D:7      | Killed Prince Ribbit
  8866 | D:7      | Reached skill level 10 in Conjurations
  8882 | D:7      | Reached XP level 10. HP: 56/56 MP: 17/21
  9009 | D:8      | Reached skill level 4 in Translocations
  9980 | D:8      | Reached skill level 8 in Spellcasting
 10166 | D:8      | Found an opulent altar of Gozag.
 10166 | D:8      | Found a basalt altar of Yredelemnul.
 10172 | D:8      | Became a worshipper of Gozag Ym Sagoz the Greedy
 10397 | D:9      | Noticed a boulder beetle
 10426 | D:9      | Noticed a kobold demonologist
 10449 | D:9      | Killed a kobold demonologist
 10603 | D:9      | Reached skill level 11 in Conjurations
 10603 | D:9      | Reached skill level 5 in Translocations
 10989 | D:9      | Noticed Pikel
 10995 | D:9      | Killed Pikel
 11455 | D:9      | Killed a boulder beetle
 11456 | D:9      | Reached skill level 12 in Conjurations
 11456 | D:9      | Reached skill level 6 in Hexes
 11456 | D:9      | Reached skill level 6 in Translocations
 11456 | D:9      | Reached XP level 11. HP: 61/61 MP: 8/23
 11558 | D:9      | Found a staircase to the Lair.
 11694 | D:10     | Entered Level 10 of the Dungeon
 12144 | D:10     | Found a staircase to the Orcish Mines.
 12208 | D:10     | Found a burning altar of Makhleb.
 12237 | D:10     | You pick up a book of Vapours and begin reading...
 12648 | D:10     | Learned a level 2 spell: Poisonous Vapours
 12910 | D:11     | Found Qiytaul's Weapon Boutique.
 13064 | D:11     | Found Huhasmy's Jewellery Emporium.
 13077 | D:11     | Reached skill level 7 in Translocations
 13078 | D:11     | Reached skill level 7 in Hexes
 13092 | D:11     | Noticed a green ugly thing
 13098 | D:11     | Killed a green ugly thing
 13125 | D:11     | Noticed a two-headed ogre
 13150 | D:11     | Killed a two-headed ogre
 13229 | D:11     | Noticed a boulder beetle
 13307 | D:11     | Killed a boulder beetle
 13308 | D:11     | Reached skill level 9 in Spellcasting
 13590 | D:11     | Identified the +6 scimitar of Ahiqoh {freeze, Dex+5}
 13603 | D:11     | Found Eppoalu's Distillery.
 13611 | D:11     | Bought a potion of mutation for 136 gold pieces
 13611 | D:11     | Bought 2 potions of degeneration for 34 gold pieces
 13996 | D:11     | Found a bloodstained altar of Trog.
 14060 | D:11     | Noticed a six-headed hydra
 14294 | D:11     | Killed a six-headed hydra
 14295 | D:11     | Reached skill level 8 in Hexes
 14295 | D:11     | Reached skill level 8 in Translocations
 14394 | D:12     | Found a gate leading to a gauntlet.
 14398 | Gauntlet | Entered a Gauntlet
 14398 | Gauntlet | Found a transporter.
 14406 | Gauntlet | Found a transporter.
 14410 | Gauntlet | Found a transporter.
 14418 | Gauntlet | Found a transporter.
 14423 | Gauntlet | Found a transporter.
 14427 | Gauntlet | Found a runed translucent door.
 14428 | Gauntlet | Found a runed translucent door.
 14431 | Gauntlet | Found a transporter.
 14435 | Gauntlet | Found a transporter.
 14444 | Gauntlet | Noticed a six-headed hydra
 14447 | Gauntlet | Found a transporter.
 14448 | Gauntlet | Found a transporter.
 14450 | Gauntlet | Noticed a seven-headed hydra
 14459 | Gauntlet | Found a transporter.
 14490 | Gauntlet | Found a transporter.
 14502 | Gauntlet | Found a transporter.
 14514 | Gauntlet | Found a transporter.
 14526 | Gauntlet | Found a transporter.
 14572 | Gauntlet | Reached XP level 12. HP: 66/66 MP: 3/25
 14859 | Gauntlet | Noticed a minotaur
 14905 | Gauntlet | Killed a minotaur
 15111 | Gauntlet | You pick up a book of Flames and begin reading...
 15111 | Gauntlet | You add the spells Foxfire, Conjure Flame, Inner Flame and
                  | Flame Wave to your library.
 15219 | D:12     | You add the spells Ozocubu's Armour and Ozocubu's
                  | Refrigeration to your library.
 15306 | D:12     | You pick up a book of Storms and begin reading...
 15306 | D:12     | You add the spells Summon Lightning Spire and Lightning
                  | Bolt to your library.
 15562 | D:12     | Noticed an eight-headed hydra
 16050 | D:12     | Reached skill level 9 in Translocations
 16106 | D:12     | HP: 10/66 [eight-headed hydra (9)]
 16483 | Lair:1   | Entered Level 1 of the Lair of Beasts
 16483 | Lair:1   | Noticed a catoblepas
 16489 | Lair:1   | Reached skill level 10 in Spellcasting
 16489 | Lair:1   | Reached skill level 9 in Hexes
 16531 | Lair:1   | Noticed a seven-headed hydra
 16533 | Lair:1   | HP: 11/66 [seven-headed hydra (9)]
 16533 | Lair:1   | HP: 4/66 [seven-headed hydra (7)]
 16870 | D:9      | Killed a seven-headed hydra
 16917 | Lair:1   | HP: 16/66 [catoblepas (15)]
 16919 | Lair:1   | HP: 2/66 [catoblepas (10)]
 16920 | Lair:1   | Killed from afar by a catoblepas

Vanquished Creatures
  A minotaur (Gauntlet)
  2 boulder beetles
  2 hydras
  A two-headed ogre (D:11)
  A skeletal warrior (D:11)
  Pikel (D:9)
  2 ugly things
  A smoke demon (Gauntlet)
  A cane toad (D:9)
  2 gargoyles
  A kobold demonologist (D:9)
  2 unseen horrors
  2 komodo dragons
  3 trolls
  A hornet (D:10)
  2 polar bears (D:11)
  A blink frog (D:9)
  Prince Ribbit (D:7)
  6 shadows
  A vampire (D:11)
  A wraith (D:10)
  A wyvern (D:9)
  9 yaks
  A steam dragon (D:8)
  3 water moccasins
  6 orc warriors
  2 ice beasts
  A sky beast (D:6)
  2 black bears
  3 centaurs
  2 ogres
  2 lemures (D:9)
  2 phantoms
  3 kobold brigands
  A necrophage (D:6)
  2 bullfrogs
  7 scorpions
  11 wights
  3 killer bees (D:9)
  4 howler monkeys
  3 crimson imps (Gauntlet)
  5 hounds
  3 jellies
  6 orc priests
  Terence (D:2)
  3 iguanas
  13 orc wizards
  13 mummies (Ossuary)
  14 adders
  A gnoll (D:3)
  A shadow imp (D:6)
  2 white imps (D:7)
  2 ufetubi
  3 worms
  2 dart slugs
  53 orcs
  8 ball pythons
  9 bats
  6 endoplasms
  4 giant cockroaches
  10 goblins
  6 hobgoblins
  17 jackals
  2 quokkas
  7 frilled lizards
  4 gnoll skeletons (Ossuary)
  3 goblin skeletons (Ossuary)
  21 kobolds
  An orc skeleton (Ossuary)
  6 rats
  11 rat skeletons (Ossuary)
340 creatures vanquished.

Vanquished Creatures (collateral kills)
  A shadow (D:6)
  A water moccasin (D:6)
  A centaur (D:6)
  A wight (D:6)
  A shadow imp (D:6)
5 creatures vanquished.

Vanquished Creatures (others)
  113 fulminant prisms
  22 fungi
  37 plants (D:9)
  4 withered plants (Gauntlet)
176 creatures vanquished.

Grand Total: 521 creatures vanquished

Table legend:
 A = Non-vault XP
 B = Vault XP
 C = Vault XP percentage of total XP
 D = Non-vault monster count
 E = Vault monster count
 F = Vault count percentage of total count
                 A         B        C        D         E       F
            +---------+---------+-------+---------+---------+-------
      Total |   17781 |    7402 |  29.4 |     229 |     114 |  33.2
            +---------+---------+-------+---------+---------+-------
        D:1 |      57 |       0 |   0.0 |      30 |       0 |   0.0
        D:2 |     175 |      53 |  23.2 |      18 |       3 |  14.3
        D:3 |      49 |      89 |  64.5 |      16 |      21 |  56.8
        D:4 |     224 |       0 |   0.0 |      17 |       0 |   0.0
        D:5 |     612 |       0 |   0.0 |      24 |       0 |   0.0
        D:6 |     533 |    1510 |  73.9 |       9 |      14 |  60.9
        D:7 |     851 |     264 |  23.7 |      23 |       1 |   4.2
        D:8 |    1271 |       0 |   0.0 |      26 |       0 |   0.0
        D:9 |    4017 |    1373 |  25.5 |      33 |       3 |   8.3
       D:10 |    2339 |     496 |  17.5 |      12 |      27 |  69.2
       D:11 |    5273 |     551 |   9.5 |      11 |       2 |  15.4
       D:12 |    1969 |       0 |   0.0 |       7 |       0 |   0.0
     Lair:1 |     411 |     410 |  49.9 |       3 |       2 |  40.0
    Ossuary |       0 |     252 | 100.0 |       0 |      32 | 100.0
   Gauntlet |       0 |    2404 | 100.0 |       0 |       9 | 100.0
            +---------+---------+-------+---------+---------+-------

Illustrated notes

Table legend:
 A = Kills in this place as a percentage of kills in entire the game.
 B = Kills by you in this place as a percentage of kills by you in the entire game.
 C = Kills by friends in this place as a percentage of kills by friends in the entire game.
 D = Other kills in this place as a percentage of other kills in the entire game.
 E = Experience gained in this place as a percentage of experience gained in the entire game.
 F = Experience gained in this place divided by the number of levels of this place that you have seen.
                   A       B       C       D       E      F
               +-------+-------+-------+-------+-------+----------------------
         Total | 100.0 | 100.0 | 100.0 |   N/A | 100.0 | 1573.9
       Dungeon |  86.6 |  86.4 | 100.0 |   N/A |  86.2 | 1808.8
          Lair |   1.5 |   1.5 |   0.0 |   N/A |   3.3 | 821.0
       Ossuary |   9.3 |   9.5 |   0.0 |   N/A |   1.0 | 252.0
      Gauntlet |   2.6 |   2.7 |   0.0 |   N/A |   9.5 | 2404.0
               +-------+-------+-------+-------+-------+----------------------

Table legend: (Time is in decaauts)
 A = Elapsed time spent in this place.
 B = Non-inter-level travel time spent in this place.
 C = Inter-level travel time spent in this place.
 D = Time resting spent in this place.
 E = Time spent auto-exploring this place.
 F = Levels seen in this place.
 G = Mean time per level.
                   A        B        C        D        E       F      G
               +--------+--------+--------+--------+--------+-----+--------+
         Total |  16932 |  16494 |    438 |   2108 |  11767 |  16 | 1058.2 |
       Dungeon |  15359 |  14944 |    415 |   2108 |  10543 |  12 | 1279.9 |
        Temple |    116 |     93 |     23 |      0 |     83 |   1 |  116.0 |
          Lair |     23 |     23 |      0 |      0 |      0 |   1 |   23.0 |
       Ossuary |    728 |    728 |      0 |      0 |    578 |   1 |  728.0 |
      Gauntlet |    704 |    704 |      0 |      0 |    563 |   1 |  704.0 |
               +--------+--------+--------+--------+--------+-----+--------+

Top non-repeatable levels by time:
    D:11: 1938 daAuts
     D:9: 1790 daAuts
     D:6: 1597 daAuts
     D:2: 1534 daAuts
     D:7: 1380 daAuts
     D:8: 1234 daAuts
    D:10: 1209 daAuts
     D:1: 1190 daAuts
     D:5: 963 daAuts
     D:3: 895 daAuts
    D:12: 873 daAuts
     D:4: 752 daAuts
 Ossuary: 728 daAuts
Gauntlet: 704 daAuts
  Temple: 116 daAuts
